 Dungeon Crawl Stone Soup version 0.27-a0-1119-gbf574a6a6b (webtiles) character file.

Game seed: 15871961810584768988

329 Zeld the Skirmisher (level 6, -5/45 HPs)
             Began as an Octopode Fighter on May 3, 2021.
             Killed from afar by an orc wizard (8 damage)
             ... with a puff of flame
             ... on level 4 of the Dungeon.
             The game lasted 00:09:34 (4189 turns).

Zeld the Skirmisher (Octopode Fighter)              Turns: 4189, Time: 00:09:35

Health: -5/45      AC:  1    Str: 17    XL:     6   Next: 50%
Magic:  6/6        EV: 11    Int: 10    God:
Gold:   119        SH:  9    Dex: 12    Spells: 5/5 levels left

rFire    . . .     SeeInvis .   b - +2 war axe (venom)
rCold    . . .     Faith    .   a - +0 kite shield
rNeg     + . .     Spirit   .   (helmet restricted)
rPois    .         Reflect  .   (no amulet)
rElec    .         Harm     .   d - ring of positive energy
rCorr    .         Rampage  .   (no ring)
Will     .....                  (no ring)
Stlth    ++........             (no ring)
HPRegen  0.15/turn              (no ring)
MPRegen  0.10/turn              (no ring)
                                (no ring)
                                (no ring)

@: no status effects
A: almost no armour, amphibious, 8 rings, camouflage 1, gelatinous body 1,
(nimble swimmer 1), tentacles
a: no special abilities


You were on level 4 of the Dungeon.
You visited 1 branch of the dungeon, and saw 4 of its levels.

You collected 119 gold pieces.

Inventory:

Hand Weapons
 b - a +2 war axe of venom (weapon)
Missiles
 f - 4 boomerangs
 n - 24 poisoned darts (quivered)
Armour
 a - a +0 kite shield (worn)
Jewellery
 d - a ring of positive energy (left tentacle)
Wands
 h - a wand of digging (6)
Scrolls
 c - 6 scrolls of identify {unknown}
 i - 6 scrolls of teleportation {unknown}
 m - a scroll of vulnerability {unknown}
Potions
 e - 2 potions of haste {unknown}
 g - a potion of curing {unknown}
 j - a potion of attraction {unknown}
 k - 2 potions of heal wounds {unknown}
 l - a potion of mutation {unknown}


   Skills:
 * Level 5.2 Fighting
 + Level 1.8 Throwing
 - Level 3.0 Dodging
 * Level 5.2 Shields
 - Level 2.0 Unarmed Combat


You had 5 spell levels left.
You didn't know any spells.
Your spell library contained the following spells:

 Spells                   Type           Power      Damage    Failure   Level
 Summon Small Mammal      Summ           0%         N/A       80%         1
 Call Imp                 Summ           0%         N/A       90%         2
 Call Canine Familiar     Summ           0%         N/A       99%         3
 Summon Guardian Golem    Hex/Summ       0%         N/A       99%         3
 Summon Ice Beast         Ice/Summ       0%         N/A       100%        4
 Summon Lightning Spire   Summ/Air       0%         N/A       100%        4


Dungeon Overview and Level Annotations

Branches:
Dungeon (4/15)
 Temple: D:4-7

Altars:
Hepliaklqana
Qazlal

Shops:
D:1 !   D:4 =


Innate Abilities, Weirdness & Mutations

You cannot wear most types of armour.
You are amphibious.
You can wear up to eight rings at the same time.
Your skin changes colour to match your surroundings (Stealth+).
Your rubbery body absorbs attacks. (AC +1, EV +1)
((You are camouflaged near water. (Stealth+)))
You have tentacles for arms and can constrict up to eight enemies at once.


Message History

Deactivating autopickup; reactivate with Ctrl-A.
The adder skeleton barely misses you.
An orc comes into view. It is wielding a +0 falchion.
The orc shouts!
You hit the adder skeleton.
You destroy the adder skeleton!
An orc comes into view. It is wielding a +3 hand axe.
An adder comes into view.
An orc priest comes into view. It is wielding a +0 flail.
You are confused.
You bump into the rock wall.
A magic dart appears from out of thin air!
The magic dart hits you!
The orc priest shouts!
The orc priest casts a cantrip, but nothing happens.
You feel less confused.
The orc priest mumbles some strange prayers to Beogh against you.
Beogh smites you!
The orc priest mumbles some strange prayers to Beogh against you.
You barely resist.
You hear some strange, mumbled words.
A puff of flame appears from out of thin air!
You block the puff of flame.
You hear some strange, mumbled words.
Something tries to affect you, but you resist.
The orc priest looks braver for a moment.
The orc priest mumbles some strange prayers to Beogh against you.
Beogh smites you!
You hear some strange, mumbled words.
Something tries to affect you, but you resist.
You see here a manual of Transmutations.
You can't go up here!
The orc priest mumbles some strange prayers to Beogh against you.
Beogh smites you!
* * * LOW HITPOINT WARNING * * *
Items here: ( ) [ ÷.
You hear some strange, mumbled words.
A puff of flame appears from out of thin air!
The puff of flame hits you!
You die...

######.....###.. ## ####
##......#[.## #.. .. ..#
#####..###....## ##<. .####.#
###.....##...##### #...
...##.#####...#......#.....###.#.
....#.......##..............##.#.
....#.....##......<..........#.#.
_...........[..................#.
....#....)##....@............####
....#.....##.o{[.............#
...##..................†.....#
.####....o............>......#
...........#o.:.............##
....................##.....##
.....#####.#.......########### #
...o.# #.........########..# #
####+# #####.>.............# #


You could see an orc priest and 2 orcs.

Vanquished Creatures
  A sky beast (D:4)
  An orc priest (D:3)
  A centaur skeleton (D:3)
  Jessica (D:2)
  An orc wizard (D:3)
  4 gnolls
  An ufetubus (D:4)
  An adder skeleton (D:4)
  2 worms
  14 orcs
  4 ball pythons
  6 bats
  4 endoplasms
  4 goblins
  5 hobgoblins
  4 jackals
  4 quokkas
  2 frilled lizards
  4 kobolds
  A rat (D:2)
65 creatures vanquished.

Notes
Turn   | Place    | Note
-------+----------+-------------------------------------------
     0 | D:1      | Zeld the Octopode Fighter began the quest for the Orb.
     0 | D:1      | Reached XP level 1. HP: 16/16 MP: 1/1
   192 | D:1      | Reached XP level 2. HP: 21/21 MP: 2/2
   206 | D:1      | Found Nuhunase's Distillery.
   911 | D:2      | You fall into a shaft and drop 2 floors!
   921 | D:4      | Noticed an ogre
   928 | D:4      | Reached XP level 3. HP: 4/26 MP: 3/3
  1149 | D:4      | Found Deawk's Jewellery Emporium.
  1379 | D:2      | Noticed Jessica
  1382 | D:2      | Killed Jessica
  1383 | D:2      | Reached XP level 4. HP: 33/33 MP: 4/4
  1593 | D:2      | Found a faded altar of an unknown god.
  2710 | D:3      | Reached XP level 5. HP: 31/38 MP: 5/5
  2910 | D:3      | Reached skill level 1 in Throwing
  2997 | D:3      | Found a hazy altar of Hepliaklqana.
  3238 | D:4      | Found a stormy altar of Qazlal.
  3244 | D:4      | Noticed a sky beast
  3249 | D:4      | Noticed a phantom
  3265 | D:4      | Killed a sky beast
  3266 | D:4      | Reached skill level 5 in Fighting
  3266 | D:4      | Reached skill level 5 in Shields
  3266 | D:4      | Reached XP level 6. HP: 34/45 MP: 6/6
  4186 | D:4      | HP: 2/45 [orc priest/divine providence (12)]
  4189 | D:4      | Killed from afar by an orc wizard

Illustrated notes

Levels and vault maps discovered:
D:1:      dpeg_arrival_triangle_fractal, layout_basic, serial_shops,
          nicolae_shop_waterfront
D:2:      layout_loops_ring, hellmonk_ecumenical_altar_blasted, uniq_jessica
D:3:      layout_loops_cross, worldfamousw_hep_ancestral_shrine
D:4:      layout_rooms, old_standard_altar, serial_shops, shop, minivault_19,
          minmay_fountain_box

Skill      XL: |  1  2  3  4  5 |
---------------+----------------+-----
Fighting       | 4 5 |  5.2
Shields        | 4 5 |  5.2
Throwing       | 1 |  1.8
Dodging        | |  3.0
Unarmed Combat | |  2.0

Action                   |  1- 3 |  4- 6 || total
-------------------------+-------+-------++-------
Melee: Unarmed           |    44 |   106 ||   150
       Constrict         |    15 |    31 ||    46
       Tentacles         |    13 |    28 ||    41
       Punch             |       |     4 ||     4
       War axe           |       |     5 ||     5
Throw: Boomerang         |       |     6 ||     6
       Dart              |       |     6 ||     6
  Use: Potion            |       |     1 ||     1
 Stab: Sleeping          |     8 |     1 ||     9
Armor: Skin              |     2 |     7 ||     9
Dodge: Dodged            |    22 |    70 ||    92
Block: Kite shield       |    11 |    82 ||    93

Table legend: (Time is in decaauts)
 A = Elapsed time spent in this place.
 B = Non-inter-level travel time spent in this place.
 C = Inter-level travel time spent in this place.
 D = Time resting spent in this place.
 E = Time spent auto-exploring this place.
 F = Levels seen in this place.
 G = Mean time per level.
                   A        B        C        D        E       F      G
               +--------+--------+--------+--------+--------+-----+--------+
         Total |   4225 |   4055 |    170 |    688 |   2493 |   4 | 1056.2 |
       Dungeon |   4225 |   4055 |    170 |    688 |   2493 |   4 | 1056.2 |
               +--------+--------+--------+--------+--------+-----+--------+

Top non-repeatable levels by time:
     D:3: 1605 daAuts
     D:2: 1018 daAuts
     D:1: 881 daAuts
     D:4: 720 daAuts
